 Dungeon Crawl Stone Soup version 0.30-a0-373-gd37427bb62 (webtiles) character file.

Game seed: 1785993749476581138

78 sanka the Trooper (level 4, -3/49 HPs)
             Began as an Ogre Reaver on Nov 23, 2022.
             Slain by a kobold
             ... wielding a +0 whip
              (4 damage)
             ... on level 3 of the Dungeon.
             The game lasted 00:02:32 (1678 turns).

sanka the Trooper (Ogre Reaver)                     Turns: 1678, Time: 00:02:32

Health: -3/49      AC:  3    Str: 18    XL:     4   Next: 36%
Magic:  7/7        EV:  9    Int: 14    God:
Gold:   184        SH:  0    Dex:  7    Spells: 6/7 levels left

rFire   . . .      SeeInvis .    a - +1 mace (drain)
rCold   . . .      Faith    .    (no shield)
rNeg    . . .      Spirit   .    b - +0 robe
rPois   .          Reflect  .    (helmet restricted)
rElec   .          Harm     .    (no cloak)
rCorr   .          Rampage  .    (gloves unavailable)
Will    .....                    (boots unavailable)
Stlth   +.........               (no amulet)
HPRegen 0.28/turn                (no ring)
MPRegen 0.10/turn                (no ring)

@: attractive, flying
A: large, unfitting armour, tough skin 1
a: no special abilities


You were on level 3 of the Dungeon.
You visited 1 branch of the dungeon, and saw 3 of its levels.

You collected 184 gold pieces.


Innate Abilities, Weirdness & Mutations

You are too large for most types of armour.
You have tough skin. (AC +1)


   Skills:
 + Level 4.6 Fighting
 + Level 3.7 Maces & Flails
 - Level 1.7 Dodging
 - Level 2.4 Spellcasting
 - Level 2.6 Conjurations


You had 6 spell levels left.
You knew the following spells:

 Your Spells              Type           Power      Damage    Failure   Level
y - Kiss of Death         Conj/Necr      20%        2d7       13%         1

Your spell library contained the following spells:

 Spells                   Type           Power      Damage    Failure   Level
 Momentum Strike          Conj/Tloc      10%        3d8       21%         2
 Hailstorm                Conj/Ice       5%         3d4       36%         3
 Borgnjor's Revivificati  Necr           0%         N/A       100%        8
 Necromutation            Tmut/Necr      0%         N/A       100%        8
 Death's Door             Necr           0%         N/A       100%        9

Inventory:

Hand Weapons
 a - a +1 mace of draining (weapon)
Armour
 b - a +0 robe (worn)
Wands
 m - a wand of mindburst (15)
Scrolls
 d - a scroll of enchant armour {unknown}
 f - 3 scrolls of vulnerability {unknown}
 i - 3 scrolls of identify {unknown}
 n - a scroll of teleportation {unknown}
Potions
 c - a potion of brilliance {unknown}
 e - a potion of flight
 g - a potion of haste {unknown}
 j - a potion of cancellation {unknown}
 k - a potion of lignification {unknown}

Dungeon Overview and Level Annotations

Branches:
Dungeon (3/15)

Altars:

▒......▒▒ ▒.......▒
▒.......▒ ▒...?...▒
▒.......▒▒▒ ..
▒.........▒.<......
▒Ko....▒▒..........
..▒▒.O....▒▒▒.........
........................
........................
...............▒........
........................
................▒▒▒▒.▒▒▒
.............†..........
▒...............▒▒▒▒...▒
..............▒ ▒▒▒..


You could see an orc (very drained) and a kobold.


Message History

* * * LOW HITPOINT WARNING * * *
You completely miss the kobold. The kobold hits you with a +0 whip.
* * * LOW HITPOINT WARNING * * *
The orc closely misses you.
You hit the kobold but do no damage. The kobold barely misses you.
The orc barely misses you.
You hit the kobold but do no damage.
The kobold zaps a wand.
The puff of flame hits you!
* * * LOW HITPOINT WARNING * * *
The orc hits you but does no damage. The orc barely misses you.
The kobold barely misses you.
You hit the kobold but do no damage. The orc hits you with a +0 mace.
* * * LOW HITPOINT WARNING * * *
The kobold zaps a wand.
The puff of flame hits you.
* * * LOW HITPOINT WARNING * * *
You closely miss the kobold.
The kobold zaps a wand.
The puff of flame hits you.
* * * LOW HITPOINT WARNING * * *
The orc closely misses you.
You hit the kobold.
The kobold is moderately wounded.
The kobold hits you with a +0 whip.
You die...

Action                   |  1- 3 |  4- 6 || total
-------------------------+-------+-------++-------
Melee: Mace              |    88 |    36 ||   124
       Punch             |       |     1 ||     1
  Use: Potion            |       |     3 ||     3
Armor: Robe              |    34 |    10 ||    44
Dodge: Dodged            |    43 |    23 ||    66

Levels and vault maps discovered:
D:1:      lightli_arrival_chessboard, layout_basic
D:2:      layout_loops_cross, minmay_tetromino_o2, uniq_jessica
D:3:      layout_basic, basic_ecumenical_altar

Notes
Turn   | Place    | Note
-------+----------+-------------------------------------------
     0 | D:1      | sanka the Ogre Reaver began the quest for the Orb.
     0 | D:1      | Reached XP level 1. HP: 22/22 MP: 3/3
    59 | D:1      | Reached skill level 3 in Fighting
   127 | D:1      | Reached XP level 2. HP: 31/31 MP: 5/5
   130 | D:1      | Reached skill level 3 in Maces & Flails
   552 | D:1      | Reached XP level 3. HP: 29/39 MP: 6/6
   949 | D:2      | Reached skill level 4 in Fighting
  1042 | D:2      | Noticed Jessica
  1058 | D:2      | Killed Jessica
  1059 | D:2      | Reached XP level 4. HP: 49/49 MP: 7/7
  1295 | D:3      | Found a faded altar of an unknown god.
  1669 | D:3      | HP: 2/49 [orc/+0 mace (8)]
  1677 | D:3      | HP: 1/49 [kobold/puff of flame (6)]
  1678 | D:3      | Slain by a kobold

Vanquished Creatures
  Jessica (D:2)
  An adder (D:3)
  A dart slug (D:1)
  3 ball pythons (D:1)
  4 bats
  5 endoplasms
  A giant cockroach (D:1)
  3 goblins
  7 hobgoblins
  A quokka (D:2)
  5 frilled lizards
  5 kobolds
  4 rats
41 creatures vanquished.
